 Dungeon Crawl Stone Soup version 0.23.1 (webtiles) character file.

Game seed: 17947688311243430730

1294 Fang the Skirmisher (level 8, -1/52 HPs)
             Began as a Gargoyle Berserker on Mar 11, 2019.
             Was an Elder of Trog.
             Slain by a killer bee zombie (5 damage)
             ... on level 6 of the Dungeon.
             The game lasted 00:05:07 (4946 turns).

Fang the Skirmisher (Gargoyle Berserker)            Turns: 4946, Time: 00:05:07

Health: -1/52      AC: 15    Str: 23      XL:     8   Next: 56%
Magic:  8/8        EV:  8    Int:  8      God:    Trog [****..]
Gold:   229        SH:  0    Dex:  2 (9)  Spells: 7/7 levels left

rFire    . . .     SeeInvis .   r - +0 war axe
rCold    . . .     Gourm    .   (no shield)
rNeg     + . .     Faith    .   p - +0 chain mail
rPois    ∞         Spirit   .   (no helmet)
rElec    +         Reflect  .   (no cloak)
rCorr    .         Harm     .   (no gloves)
MR       .....                  (no boots)
Stlth    ..........             x - amulet of inaccuracy (curse)
HPRegen  0.17/turn              (no ring)
MPRegen  0.11/turn              (no ring)

@: berserk cooldown, slowed, very slow
A: negative energy resistance 1, electricity resistance, unbreathing,
petrification resistance, rot immunity, AC +5
a: Berserk, Trog's Hand, Brothers in Arms, Renounce Religion


You were on level 6 of the Dungeon.
You worshipped Trog.
Trog was greatly pleased with you.
You were hungry.

You visited 2 branches of the dungeon, and saw 7 of its levels.
You also visited: Sewer.

You collected 229 gold pieces.

Inventory:

Hand Weapons
 r - a +0 war axe (weapon)
Armour
 p - a +0 chain mail (worn)
Jewellery
 x - a cursed amulet of inaccuracy (around neck)
Scrolls
 d - a scroll of immolation {unknown}
 g - 10 scrolls of identify {unknown}
 h - a scroll of enchant armour {unknown}
 j - 7 scrolls of remove curse {unknown}
 l - 5 scrolls of amnesia {unknown}
 m - a scroll of enchant weapon {unknown}
 q - 2 scrolls of teleportation {unknown}
 u - a scroll of silence {unknown}
Potions
 a - a potion of berserk rage {unknown}
 b - a potion of heal wounds {unknown}
 e - a potion of resistance {unknown}
 f - 3 potions of mutation {unknown}
 i - 3 potions of cancellation {unknown}
 k - a potion of lignification {unknown}
 o - a potion of brilliance {unknown}
 s - 4 potions of curing {unknown}
 t - a potion of might {unknown}
 v - a potion of agility {unknown}
 w - 2 potions of flight {unknown}
Comestibles
 c - 10 rations
 n - a chunk of flesh


   Skills:
 + Level 6.4 Fighting
 + Level 5.3 Axes
 + Level 5.8 Armour
 + Level 4.4 Dodging


You had 7 spell levels left.
You didn't know any spells.
Your spell library was empty.

Dungeon Overview and Level Annotations

Branches:
Dungeon (6/15)             Temple (1/1) D:4

Altars:
Fedhas
Nemelex Xobeh
Ru
Wu Jian

Shops:
D:5 }


Innate Abilities, Weirdness & Mutations

You are resistant to torment.
Your stone body is resilient. (AC +5)
You are immune to poison.
You resist negative energy. (rN+)
You are resistant to electric shocks. (rElec)
You can survive without breathing.
You are immune to petrification.
You are immune to rotting.


Message History

You feel yourself slow down.
The killer bee zombie hits you but does no damage.
Your chain mail prevents you from hitting the killer bee zombie.
The killer bee zombie is moderately damaged.
The killer bee zombie hits you but does no damage.
The killer bee zombie hits you.
* * * LOW HITPOINT WARNING * * *
The killer bee zombie closely misses you.
You miss the killer bee zombie.
The killer bee zombie is moderately damaged.
The killer bee zombie hits you but does no damage.
The killer bee zombie barely misses you.
The killer bee zombie hits you.
* * * LOW HITPOINT WARNING * * *
You barely miss the killer bee zombie.
The killer bee zombie is moderately damaged.
The killer bee zombie hits you but does no damage.
The killer bee zombie completely misses you.
The killer bee zombie hits you.
You die...

#. ######
#.##?...###
#.........##
...........##
............##
..........[..#
........(.@..##
.......<.Z)...#
..................
..................
.............#...#
................##
..........?....##
..............##
.............##


You could see a killer bee zombie.

Vanquished Creatures
  Grinder (D:3)
  Sigmund (D:2)
  A centaur (D:5)
  A big kobold (Sewer)
  A water moccasin skeleton (D:4)
  2 crimson imps (D:5)
  A hound (D:6)
  A quasit (D:5)
  A gnoll shaman (D:5)
  2 orc wizards
  2 iguanas (D:5)
  Jessica (D:2)
  Natasha (thrice) (D:4)
  Terence (D:2)
  4 worker ants
  2 hound skeletons
  5 gnolls (D:5)
  6 adders
  4 oozes
  4 worms
  2 dart slugs
  A leopard gecko (D:2)
  14 orcs
  4 ball pythons
  4 bats
  9 giant cockroaches
  15 goblins
  5 hobgoblins
  A jackal (Sewer)
  3 quokkas
  5 frilled lizards
  10 kobolds
  2 leopard gecko skeletons
  A leopard gecko zombie (D:5)
  A quokka skeleton (D:5)
  10 rats
131 creatures vanquished.

Notes
Turn   | Place    | Note
-------+----------+-------------------------------------------
     0 | D:1      | Fang the Gargoyle Berserker began the quest for the Orb.
     0 | D:1      | Reached XP level 1. HP: 14/14 MP: 1/1
   111 | D:1      | Reached XP level 2. HP: 17/19 MP: 2/2
   527 | D:1      | Reached XP level 3. HP: 23/23 MP: 3/3
   863 | D:2      | Reached ** piety under Trog
  1344 | D:2      | Reached XP level 4. HP: 28/29 MP: 4/4
  1604 | D:2      | Noticed Sigmund
  1612 | D:2      | Killed Sigmund
  1612 | D:2      | Reached skill level 4 in Fighting
  1612 | D:2      | Reached XP level 5. HP: 34/34 MP: 5/5
  1612 | D:2      | Reached XP level 6. HP: 39/39 MP: 6/6
  1723 | D:2      | Noticed Terence
  1737 | D:2      | Killed Terence
  1899 | D:2      | Noticed Jessica
  1907 | D:2      | Killed Jessica
  2236 | D:3      | Reached *** piety under Trog
  2458 | D:3      | Found a blossoming altar of Fedhas.
  2507 | D:3      | Noticed Grinder
  2523 | D:3      | Paralysed by Grinder for 6 turns
  2536 | D:3      | Killed Grinder
  2536 | D:3      | Reached skill level 5 in Fighting
  2536 | D:3      | Reached XP level 7. HP: 44/44 MP: 7/7
  2770 | D:4      | Noticed Natasha
  2808 | D:4      | Killed Natasha
  2900 | D:4      | Noticed Natasha
  2920 | D:4      | Killed Natasha
  3085 | D:4      | Found a staircase to the Ecumenical Temple.
  3102 | D:4      | Noticed Natasha
  3112 | D:4      | Killed Natasha
  3160 | D:4      | Reached skill level 5 in Armour
  3572 | Temple   | Entered the Ecumenical Temple
  3590 | D:5      | Entered Level 5 of the Dungeon
  3601 | D:5      | Reached XP level 8. HP: 51/51 MP: 8/8
  3689 | D:5      | Reached skill level 6 in Fighting
  4114 | D:5      | Reached skill level 5 in Axes
  4225 | D:5      | Found a glowing drain.
  4257 | Sewer    | Entered a sewer
  4261 | Sewer    | Reached **** piety under Trog
  4359 | Sewer    | Found a white marble altar of Elyvilon.
  4611 | D:5      | Found Paqotsar's Gadget Emporium.
  4741 | D:5      | Found a sparkling altar of Nemelex Xobeh.
  4946 | D:6      | Slain by a killer bee zombie

Skill      XL: |  1  2  3  4  5  6  7  8 |
---------------+-------------------------+-----
Axes           | 3 4 5 |  5.3
Dodging        | 2 3 4 |  4.4
Armour         | 3 4 5 |  5.8
Fighting       | 4 5 6 |  6.4

Action                   |  1- 3 |  4- 6 |  7- 9 || total
-------------------------+-------+-------+-------++-------
Melee: Hand axe          |   127 |   138 |    29 ||   294
       War axe           |       |       |   345 ||   345
Invok: Berserk           |       |     2 |     2 ||     4
  Eat: Chunk             |     2 |     4 |    11 ||    17
Armor: Animal skin       |    50 |    17 |       ||    67
       Chain mail        |       |    54 |   428 ||   482
Dodge: Dodged            |    88 |    86 |   292 ||   466
